TOP OF THE 1ST |
Rio Grande Rattlesnake batting - Pitching for Springfield Simpsons : RHP Rod Day
|
Pitching: RHP Rod Day
|
|
Batting: RHB Javier Rentería
|
0-0: Ball 1-0: Swinging Strike Single, Error in OF, E9, batter to second base
|
Batting: SHB Carlos Reyes
|
0-0: Called Strike Javier Rentería is caught stealing 3rd base 0-1: Foul Ball, location: 2F 0-2: Strikes out looking
|
Batting: RHB Jared Thompson
|
0-0: Ball 1-0: Called Strike 1-1: Foul Ball, location: 2F 1-2: Strikes out swinging
|
Top of the 1st over - 0 run(s), 1 hit(s), 1 error(s), 0 left on base; Rio Grande 0 - Springfield 0 |
BOTTOM OF THE 1ST |
Springfield Simpsons batting - Pitching for Rio Grande Rattlesnake : RHP Chris Carpenter
|
Pitching: RHP Chris Carpenter
|
|
Batting: RHB Nick Harris
|
0-0: Foul Ball, location: 2F 0-1: Ball 1-1: Foul Ball, location: 2F 1-2: Ball 2-2: Ball 3-2: Foul Ball, location: 2F 3-2: Fly out, F4 (Popup, 34D)
|
Batting: RHB Ken McDonald
|
0-0: Ball 1-0: Foul Ball, location: 2F 1-1: Ball 2-1: SINGLE (Line Drive, 8LS)
|
Batting: LHB José González
|
0-0: Ball 1-0: Ball 2-0: Ball 3-0: Swinging Strike 3-1: Foul Ball, location: 2F 3-2: Strikes out looking
|
Batting: RHB Brant Sherman
|
0-0: Called Strike 0-1: Ball 1-1: Ball 2-1: Foul Ball, location: 2F 2-2: Ball 3-2: Ground out 4-3 (Groundball, 4)
|
Bottom of the 1st over - 0 run(s), 1 hit(s), 0 error(s), 1 left on base; Rio Grande 0 - Springfield 0 |
TOP OF THE 2ND |
Rio Grande Rattlesnake batting - Pitching for Springfield Simpsons : RHP Rod Day
|
Batting: SHB Douglas Taylor
|
0-0: Ball 1-0: Foul Ball, location: 2F 1-1: Ball 2-1: Foul Ball, location: 2F 2-2: Ball 3-2: Strikes out swinging
|
Batting: LHB R.J. Courtney
|
0-0: Called Strike 0-1: Fly out, F8 (Flyball, 8RXD)
|
Batting: RHB Paul Martin
|
0-0: Foul Ball, location: 2F 0-1: Ball 1-1: Called Strike 1-2: Strikes out swinging
|
Top of the 2nd over - 0 run(s), 0 hit(s), 0 error(s), 0 left on base; Rio Grande 0 - Springfield 0 |
BOTTOM OF THE 2ND |
Springfield Simpsons batting - Pitching for Rio Grande Rattlesnake : RHP Chris Carpenter
|
Batting: RHB Gavin Downey
|
0-0: DOUBLE (Line Drive, 7LS)
|
Batting: LHB Pedro Cerda
|
0-0: Called Strike 0-1: Ball 1-1: SINGLE (Groundball, 34D) Gavin Downey to third Runner from 3rd tries for Home, SAFE, throw made home Pedro Cerda to second
|
Batting: SHB Jorge García
|
0-0: Ball 1-0: Called Strike 1-1: Swinging Strike 1-2: Foul Ball, location: 2F 1-2: Strikes out swinging
|
Batting: SHB José Cruz
|
0-0: Ball 1-0: Foul Ball, location: 2F 1-1: Called Strike 1-2: Strikes out swinging
|
Batting: RHB Jeff Lloyd
|
0-0: Ground out 6-3 (Groundball, 6M)
|
Bottom of the 2nd over - 1 run(s), 2 hit(s), 0 error(s), 1 left on base; Rio Grande 0 - Springfield 1 |
TOP OF THE 3RD |
Rio Grande Rattlesnake batting - Pitching for Springfield Simpsons : RHP Rod Day
|
Batting: RHB Christian Hudson
|
0-0: SINGLE (Groundball, 4MD)
|
Batting: RHB Maresuke Yoshida
|
0-0: Called Strike 0-1: Ball 1-1: Swinging Strike 1-2: Ball 2-2: Foul Ball, location: 2F 2-2: Strikes out looking
|
Batting: SHB Jeremy Holmes
|
0-0: Called Strike 0-1: Foul Ball, location: 2F 0-2: Ball 1-2: Strikes out swinging
|
Batting: RHB Javier Rentería
|
0-0: Ground out 1-3 (Groundball, 15)
|
Top of the 3rd over - 0 run(s), 1 hit(s), 0 error(s), 1 left on base; Rio Grande 0 - Springfield 1 |
BOTTOM OF THE 3RD |
Springfield Simpsons batting - Pitching for Rio Grande Rattlesnake : RHP Chris Carpenter
|
Batting: RHB Nick Harris
|
0-0: Ball 1-0: Ground out 4-3 (Groundball, 4M)
|
Batting: RHB Ken McDonald
|
0-0: SINGLE (Flyball, 78M)
|
Batting: LHB José González
|
0-0: Called Strike 0-1: Ball 1-1: Called Strike 1-2: Ball 2-2: Strikes out swinging
|
Batting: RHB Brant Sherman
|
0-0: Fly out, F5 (Popup, 56S)
|
Bottom of the 3rd over - 0 run(s), 1 hit(s), 0 error(s), 1 left on base; Rio Grande 0 - Springfield 1 |
TOP OF THE 4TH |
Rio Grande Rattlesnake batting - Pitching for Springfield Simpsons : RHP Rod Day
|
Batting: SHB Carlos Reyes
|
0-0: Called Strike 0-1: Foul Ball, location: 2F 0-2: Ball 1-2: Ball 2-2: Fly out, F9 (Flyball, 89M)
|
Batting: RHB Jared Thompson
|
0-0: Ball 1-0: DOUBLE (Line Drive, 7LS)
|
Batting: SHB Douglas Taylor
|
0-0: Ball Jared Thompson steals 3rd base 1-0: Foul Ball, location: 2F 1-1: Foul Ball, location: 2F 1-2: Strikes out looking
|
Batting: LHB R.J. Courtney
|
0-0: Swinging Strike 0-1: Called Strike 0-2: Ball 1-2: Ball Error on foul ball, E5 2-2: Strikes out swinging
|
Top of the 4th over - 0 run(s), 1 hit(s), 1 error(s), 1 left on base; Rio Grande 0 - Springfield 1 |
BOTTOM OF THE 4TH |
Springfield Simpsons batting - Pitching for Rio Grande Rattlesnake : RHP Chris Carpenter
|
Batting: RHB Gavin Downey
|
0-0: Called Strike 0-1: Foul Ball, location: 2F 0-2: Ball 1-2: Ball 2-2: Strikes out swinging
|
Batting: LHB Pedro Cerda
|
0-0: Ball 1-0: Called Strike 1-1: Ball 2-1: Swinging Strike 2-2: Fly out, F9 (Line Drive, 89D)
|
Batting: SHB Jorge García
|
0-0: Ball 1-0: Ball 2-0: Foul Ball, location: 2F 2-1: Ground out 3-1 (Groundball, 3)
|
Bottom of the 4th over - 0 run(s), 0 hit(s), 0 error(s), 0 left on base; Rio Grande 0 - Springfield 1 |
TOP OF THE 5TH |
Rio Grande Rattlesnake batting - Pitching for Springfield Simpsons : RHP Rod Day
|
Batting: RHB Paul Martin
|
0-0: Ball 1-0: Ball 2-0: Called Strike 2-1: Ball 3-1: Foul Ball, location: 2F 3-2: SOLO HOME RUN (Flyball, 78XD), Distance : 371 ft
|
Batting: RHB Christian Hudson
|
0-0: Ball 1-0: Called Strike 1-1: Ball 2-1: Foul Ball, location: 2F 2-2: Foul Ball, location: 2F 2-2: Strikes out swinging
|
Batting: RHB Maresuke Yoshida
|
0-0: Called Strike 0-1: Ball 1-1: Ball 2-1: Ball 3-1: Foul Ball, location: 2F 3-2: Strikes out swinging
|
Batting: SHB Jeremy Holmes
|
0-0: SINGLE (Groundball, 4M) (infield hit)
|
Batting: RHB Javier Rentería
|
0-0: Fly out, F4 (Line Drive, 4)
|
Top of the 5th over - 1 run(s), 2 hit(s), 0 error(s), 1 left on base; Rio Grande 1 - Springfield 1 |
BOTTOM OF THE 5TH |
Springfield Simpsons batting - Pitching for Rio Grande Rattlesnake : RHP Chris Carpenter
|
Batting: SHB José Cruz
|
0-0: Foul Ball, location: 2F 0-1: Ball 1-1: Called Strike 1-2: TRIPLE (Line Drive, 9LM)
|
Batting: RHB Jeff Lloyd
|
0-0: Ball 1-0: Fly out, F4 (Popup, 8LS)
|
Batting: RHB Nick Harris
|
0-0: Ball 1-0: Called Strike 1-1: Ball 2-1: Foul Ball, location: 2F 2-2: Ball 3-2: Fly out, F5 (Line Drive, 5)
|
Batting: RHB Ken McDonald
|
0-0: Foul Ball, location: 2F 0-1: Ball 1-1: 2-RUN HOME RUN (Line Drive, 78XD), Distance : 392 ft
|
Batting: LHB José González
|
0-0: Ball 1-0: Ground out 4-3 (Groundball, 34)
|
Bottom of the 5th over - 2 run(s), 2 hit(s), 0 error(s), 0 left on base; Rio Grande 1 - Springfield 3 |
TOP OF THE 6TH |
Rio Grande Rattlesnake batting - Pitching for Springfield Simpsons : RHP Rod Day
|
Batting: SHB Carlos Reyes
|
0-0: Called Strike 0-1: Ground out 4-3 (Groundball, 34)
|
Batting: RHB Jared Thompson
|
0-0: Fly out, F6 (Line Drive, 6)
|
Batting: SHB Douglas Taylor
|
0-0: Ball 1-0: Called Strike 1-1: Foul Ball, location: 2F 1-2: DOUBLE (Line Drive, 7LS)
|
Batting: LHB R.J. Courtney
|
0-0: Ball 1-0: Called Strike 1-1: Foul Ball, location: 2F 1-2: Foul Ball, location: 2F 1-2: Foul Ball, location: 2F 1-2: Strikes out swinging
|
Top of the 6th over - 0 run(s), 1 hit(s), 0 error(s), 1 left on base; Rio Grande 1 - Springfield 3 |
BOTTOM OF THE 6TH |
Springfield Simpsons batting - Pitching for Rio Grande Rattlesnake : RHP Chris Carpenter
|
Batting: RHB Brant Sherman
|
0-0: Called Strike 0-1: Ground out 1-3 (Groundball, 23)
|
Batting: RHB Gavin Downey
|
0-0: Ground out 5-3 (Groundball, 5)
|
Batting: LHB Pedro Cerda
|
0-0: Called Strike 0-1: Fly out, F8 (Line Drive, 78M)
|
Bottom of the 6th over - 0 run(s), 0 hit(s), 0 error(s), 0 left on base; Rio Grande 1 - Springfield 3 |
TOP OF THE 7TH |
Rio Grande Rattlesnake batting - Pitching for Springfield Simpsons : RHP Rod Day
|
Pitching: LHP Alberto Martínez
|
|
Batting: RHB Paul Martin
|
0-0: Ball 1-0: Ball 2-0: Ball 3-0: Called Strike 3-1: Called Strike 3-2: Foul Ball, location: 2F 3-2: Ground out 4-3 (Groundball, 4)
|
Batting: RHB Christian Hudson
|
0-0: Called Strike 0-1: Ball 1-1: Ball 2-1: Ground out 4-3 (Groundball, 4)
|
Batting: RHB Maresuke Yoshida
|
0-0: Called Strike 0-1: Ball 1-1: Ball 2-1: Ball 3-1: Foul Ball, location: 2F 3-2: Base on Balls
|
Batting: SHB Jeremy Holmes
|
0-0: Ball 1-0: Ball 2-0: SINGLE (Line Drive, 78M) Maresuke Yoshida to second
|
Pinch Hitting: RHB Liangde Que
|
0-0: Ground out 3-1 (Groundball, 34S)
|
Top of the 7th over - 0 run(s), 1 hit(s), 0 error(s), 2 left on base; Rio Grande 1 - Springfield 3 |
BOTTOM OF THE 7TH |
Springfield Simpsons batting - Pitching for Rio Grande Rattlesnake : RHP Chris Carpenter
|
Now in CF: Brian Moyer
|
|
Batting: SHB Jorge García
|
0-0: Swinging Strike 0-1: Foul Ball, location: 2F 0-2: Ball 1-2: Ball 2-2: Foul Ball, location: 2F 2-2: Fly out, F6 (Popup, 6MD)
|
Batting: SHB José Cruz
|
0-0: Called Strike 0-1: Foul Ball, location: 2F 0-2: Ball 1-2: Ball 2-2: SINGLE (Groundball, 6MD) (infield hit)
|
Batting: RHB Jeff Lloyd
|
0-0: Called Strike José Cruz steals 2nd base 0-1: Called Strike 0-2: Ball 1-2: Ball 2-2: Ball 3-2: Foul Ball, location: 2F 3-2: Foul Ball, location: 2F 3-2: Foul Ball, location: 2F 3-2: Base on Balls
|
Pitching: RHP Adrián Mora
|
|
Batting: RHB Nick Harris
|
0-0: Ball 1-0: Foul Ball, location: 2F 1-1: Ball 2-1: Grounds into double play, 6-4-3 (Groundball, 6)
|
Bottom of the 7th over - 0 run(s), 1 hit(s), 0 error(s), 1 left on base; Rio Grande 1 - Springfield 3 |
TOP OF THE 8TH |
Rio Grande Rattlesnake batting - Pitching for Springfield Simpsons : LHP Alberto Martínez
|
Batting: SHB Carlos Reyes
|
0-0: Ball 1-0: SINGLE (Line Drive, 89S)
|
Batting: RHB Jared Thompson
|
0-0: Ball 1-0: Swinging Strike 1-1: Foul Ball, location: 2F 1-2: SINGLE (Line Drive, 6MD) Carlos Reyes to second
|
Batting: SHB Douglas Taylor
|
0-0: Ball 1-0: Swinging Strike 1-1: Foul Ball, location: 2F 1-2: Foul Ball, location: 2F 1-2: Ball 2-2: Ball 3-2: Fly out, F9 (Flyball, 9M)
|
Batting: LHB R.J. Courtney
|
0-0: Ball Wild Pitch! Carlos Reyes to third Jared Thompson to second 1-0: Called Strike 1-1: Ball 2-1: Called Strike 2-2: Ground out 2-3 (Groundball, 25)
|
Pitching: LHP Rubén Rico
|
|
Batting: RHB Paul Martin
|
0-0: Called Strike 0-1: Ground out 6-3 (Groundball, 6)
|
Top of the 8th over - 0 run(s), 2 hit(s), 0 error(s), 2 left on base; Rio Grande 1 - Springfield 3 |
BOTTOM OF THE 8TH |
Springfield Simpsons batting - Pitching for Rio Grande Rattlesnake : RHP Adrián Mora
|
Batting: RHB Ken McDonald
|
0-0: Ball 1-0: Called Strike 1-1: Swinging Strike 1-2: SINGLE (Flyball, 7LM)
|
Batting: LHB José González
|
0-0: Ball 1-0: Ball 2-0: Ball 3-0: Called Strike 3-1: Base on Balls Ken McDonald to second
|
Batting: RHB Brant Sherman
|
0-0: Ball 1-0: Ball 2-0: Ball 3-0: Base on Balls Ken McDonald to third José González to second
|
Batting: RHB Gavin Downey
|
0-0: Ball 1-0: Ball 2-0: Foul Ball, location: 2F 2-1: Fly out, F5 (Line Drive, 5) 2-1: Fly out, F5 (Line Drive, 5)
|
Batting: LHB Pedro Cerda
|
0-0: Fly out, F8 (Flyball, 8LD) Runner from 3rd tags up, SCORES, no throw
|
Batting: SHB Jorge García
|
0-0: Called Strike 0-1: Foul Ball, location: 2F 0-2: Ball 1-2: Ball 2-2: Fly out, F3 (Popup, 3DF)
|
Bottom of the 8th over - 1 run(s), 1 hit(s), 0 error(s), 2 left on base; Rio Grande 1 - Springfield 4 |
TOP OF THE 9TH |
Rio Grande Rattlesnake batting - Pitching for Springfield Simpsons : LHP Rubén Rico
|
Pitching: RHP Cristián Torres
|
|
Batting: RHB Christian Hudson
|
0-0: Ball 1-0: Ball 2-0: Foul Ball, location: 2F 2-1: Swinging Strike 2-2: Ball 3-2: Foul Ball, location: 2F 3-2: Ground out 4-3 (Groundball, 4M)
|
Batting: RHB Maresuke Yoshida
|
0-0: Ground out 6-3 (Groundball, 6)
|
Batting: SHB Jeremy Holmes
|
0-0: Ball 1-0: Called Strike 1-1: Ground out 4-3 (Groundball, 4M)
|
Top of the 9th over - 0 run(s), 0 hit(s), 0 error(s), 0 left on base; Rio Grande 1 - Springfield 4 |
|